 Dungeon Crawl Stone Soup version 0.19-a0-607-g42021f0 (webtiles) character file.

105 pk666 the Chopper (level 4, -9/61 HPs)
             Began as a Minotaur Berserker on June 12, 2016.
             Was a Priest of Trog.
             Mangled by pk666's ghost (17 damage)
             ... on level 3 of the Dungeon.
             The game lasted 00:03:56 (1991 turns).

pk666 the Chopper (Minotaur Berserker)              Turns: 1991, Time: 00:03:57

Health: -9/61      AC:  9    Str: 28    XL:     4   Next: 54%
Magic:  3/3        EV: 11    Int:  4    God:    Trog [***...]
Gold:   112        SH:  0    Dex:  9    Spells: 0 memorised, 3 levels left

rFire  . . .     SeeInvis .     a - +0 hand axe
rCold  . . .     Gourm    .     s - +0 scale mail
rNeg   . . .     Faith    .     (no shield)
rPois  .         Spirit   .     (helmet restricted)
rElec  .         Dismiss  .     p - +0 cloak
rCorr  .         Reflect  .     e - +0 pair of gloves
SustAt .         Harm     .     (no boots)
MR     .....                    (no amulet)
Stlth  ..........               (no ring)
                                (no ring)

@: berserking, very quick, not resistant to hostile enchantments, extremely
unstealthy
A: retaliatory headbutt, horns 2
a: Berserk, Trog's Hand, Burn Spellbooks, Renounce Religion


You were on level 3 of the Dungeon.
You worshipped Trog.
Trog was most pleased with you.
You were hungry.

You visited 1 branch of the dungeon, and saw 3 of its levels.

You collected 112 gold pieces.

Inventory:

Hand Weapons
 a - a +0 hand axe (weapon)
Armour
 e - a +0 pair of gloves (worn)
 p - a +0 cloak (worn)
 s - a +0 scale mail (worn)
Jewellery
 q - a +3 ring of intelligence {unknown}
Scrolls
 f - 3 scrolls of remove curse {unknown}
 h - 4 scrolls of identify {unknown}
 i - a scroll of enchant armour {unknown}
 j - 5 scrolls of teleportation {unknown}
 l - a scroll of recharging {unknown}
 n - a scroll of magic mapping {unknown}
 o - a scroll of amnesia {unknown}
Potions
 b - a potion of agility {unknown}
 d - 2 potions of flight {unknown}
 g - 3 potions of curing {unknown}
 m - a potion of haste {unknown}
 r - a potion of mutation {unknown}
Comestibles
 c - 2 bread rations
 k - a slice of pizza


   Skills:
 + Level 4.4 Fighting
 + Level 4.5 Axes
 + Level 3.5 Armour
 + Level 3.2 Dodging


You had 3 spell levels left.
You didn't know any spells.

Dungeon Overview and Level Annotations

Branches:
Dungeon (3/15)

Altars:
Nemelex Xobeh
Qazlal
The Shining One

Annotations:
D:3 pk666's ghost, amateur TrMo


Innate Abilities, Weirdness & Mutations

You reflexively headbutt those who attack you in melee.
You have a pair of horns on your head.


Message History

Pk666's ghost is moderately damaged.
Pk666's ghost hits you but does no damage.
You closely miss pk666's ghost. Your headbutt misses pk666's ghost.
Pk666's ghost is moderately damaged.
Pk666's ghost hits you!
You closely miss pk666's ghost. Your headbutt misses pk666's ghost.
Pk666's ghost is moderately damaged.
Pk666's ghost hits you!
A red film seems to cover your vision as you go berserk!
You feel yourself moving faster!
You feel mighty!
You are feeling hungry.
Pk666's ghost hits you.
You slash pk666's ghost! You headbutt pk666's ghost!
Pk666's ghost is severely damaged.
Pk666's ghost hits you!
* * * LOW HITPOINT WARNING * * *
You hit pk666's ghost.
Pk666's ghost is almost destroyed.
Pk666's ghost hits you!
You die...

..........
.........
........
...... ....
♣♣♣♣ .g#
♣♣..♣♣ ##W#
..≈≈[♣
###.@##
).≈≈(♣
#.....#
♣♣..♣♣
##.##......
♣♣♣♣
##.######..
#....<....
#.########
#.# #.#
##.# ####


You could see pk666's ghost and a hobgoblin.

Vanquished Creatures
  3 adders
  3 oozes
  2 giant geckos (D:1)
  An orc (D:3)
  2 ball pythons
  10 bats
  4 giant cockroaches
  7 goblins
  5 hobgoblins
  5 jackals
  A quokka (D:2)
  2 giant newts
  8 kobolds
  6 rats
59 creatures vanquished.

Notes
Turn   | Place    | Note
--------------------------------------------------------------
     0 | D:1      | pk666 the Minotaur Berserker began the quest for the Orb.
     0 | D:1      | Reached XP level 1. HP: 19/19 MP: 0/0
   172 | D:1      | Reached XP level 2. HP: 27/27 MP: 1/1
   324 | D:1      | Found a glowing golden altar of the Shining One.
   859 | D:2      | Reached ** piety under Trog
   859 | D:2      | Reached XP level 3. HP: 28/33 MP: 2/2
  1139 | D:2      | Found a sparkling altar of Nemelex Xobeh.
  1467 | D:2      | Reached XP level 4. HP: 36/40 MP: 3/3
  1752 | D:3      | Found a stormy altar of Qazlal.
  1939 | D:3      | Reached *** piety under Trog
  1979 | D:3      | Noticed pk666's ghost (amateur TrMo)
  1991 | D:3      | Mangled by pk666's ghost

Vault maps used:
D:1:      minmay_arrival_diagonal_passages, tso_metal_star
D:2:      nemelex_xobeh_ov_fountains_minmay, first_bread
D:3:      kennysheep_big_flooded_room, grunt_qazlal_clouds

Skill      XL: |  1  2  3  4 |
---------------+-------------+-----
Axes           | 4 |  4.5
Fighting       | 4 |  4.4
Armour         | 3 |  3.5
Dodging        | 3 |  3.2

Action                   |  1- 3 |  4- 6 || total
-------------------------+-------+-------++-------
Melee: Hand axe          |    60 |    42 ||   102
       Headbutt          |     7 |     9 ||    16
Invok: Berserk           |       |     1 ||     1
  Eat: Chunk             |     1 |     2 ||     3
Armor: Animal skin       |    22 |       ||    22
       Scale mail        |       |    18 ||    18
Dodge: Dodged            |    42 |    31 ||    73
